 Dungeon Crawl Stone Soup version 0.23-a0-480-g1869896 (webtiles) character file.

91 theanonym the Cudgeler (level 4, 0/35 HPs)
             Began as a Mummy Warper on Nov 28, 2018.
             Slain by a quokka (3 damage)
             ... on level 2 of the Dungeon.
             The game lasted 00:02:44 (2889 turns).

theanonym the Cudgeler (Mummy Warper)               Turns: 2889, Time: 00:02:45

Health: 0/35       AC:  3    Str: 15    XL:     4   Next: 34%
Magic:  8/8        EV: 11    Int: 12    God:
Gold:   81         SH:  0    Dex: 11    Spells: 8/8 levels left

rFire    . . .     SeeInvis .   k - +0 flail
rCold    . . .     Gourm    .   (no shield)
rNeg     + + +     Faith    .   b - +0 leather armour
rPois    ∞         Spirit   .   (no helmet)
rElec    .         Reflect  .   (no cloak)
rCorr    .         Harm     .   (no gloves)
MR       .....                  (no boots)
Stlth    +.........             (no amulet)
HPRegen  0.11/turn              d - ring of fire
MPRegen  0.11/turn              (no ring)

@: no status effects
A: no food or potions, fire vulnerability, cold resistance 1, negative energy
resistance 3, torment resistance, unbreathing
a: no special abilities


Innate Abilities, Weirdness & Mutations

You do not eat or drink.
Your flesh is vulnerable to fire.
You are immune to poison.
Your flesh is cold resistant. (rC+)
You are immune to negative energy. (rN+++)
You are immune to unholy pain and torment.
You can survive without breathing.


   Skills:
 + Level 3.1 Fighting
 * Level 3.2 Maces & Flails
 - Level 0.7 Throwing
 - Level 0.7 Armour
 - Level 1.5 Dodging
 - Level 2.6 Spellcasting
   Level 2.4 Translocations


You had 8 spell levels left.
You didn't know any spells.
Your spell library contained the following spells:

 Spells                   Type           Power        Failure   Level  Hunger
 Blink                    Tloc           N/A          17%         2    N/A
 Shroud of Golubria       Chrm/Tloc      #.........   28%         2    N/A
 Gell's Gravitas          Tloc           #.........   34%         3    N/A
 Lesser Beckoning         Tloc           #.........   34%         3    N/A
 Teleport Other           Tloc           #.......     34%         3    N/A
 Passage of Golubria      Tloc           N/A          75%         4    N/A

Skill      XL: |  1  2  3  4 |
---------------+-------------+-----
Maces & Flails | 2 3 |  3.2
Fighting       | 3 |  3.1
Throwing       | |  0.7
Armour         | |  0.7
Dodging        | |  1.5
Spellcasting   | |  2.6
Translocations | |  2.4

Action                   |  1- 3 |  4- 6 || total
-------------------------+-------+-------++-------
Melee: Mace              |   103 |       ||   103
       Flail             |       |    27 ||    27
Throw: Tomahawk          |     2 |     2 ||     4
       Throwing net      |     1 |     2 ||     3
 Stab: Sleeping          |     1 |       ||     1
       Held in net/web   |     1 |       ||     1
Armor: Leather armour    |    38 |     7 ||    45
Dodge: Dodged            |    78 |    23 ||   101

Inventory:

Hand Weapons
 a - a +0 mace
 k - a +0 flail (weapon)
   (You took it off a gnoll on level 1 of the Dungeon)
Missiles
 e - a tomahawk of dispersal (quivered)
Armour
 b - a +0 leather armour (worn)
Jewellery
 d - a ring of fire (left hand)
   (You found it on level 1 of the Dungeon)
Scrolls
 c - a scroll of amnesia {unknown}
 f - a scroll of noise {unknown}
 g - 2 scrolls of remove curse {unknown}
 h - a scroll of immolation {unknown}
 i - 3 scrolls of magic mapping {unknown}
 l - a scroll of identify {unknown}
 B - a scroll of blinking


You were on level 2 of the Dungeon.
You were not hungry.

You visited 1 branch of the dungeon, and saw 2 of its levels.

You collected 81 gold pieces.

Dungeon Overview and Level Annotations

Branches:
Dungeon (2/15)

Altars:

......##.# ...[...#.#######.
..... ##.....#.<......% ....
#.....#.######## ... #
#.....#........ .. .#
##.....######### ###'##'###
........... .........
###.###### ########.......#
#.###### #...@r.'...(...#
#.##...# #.######........
#.##...# #.# #.......#
###.##...####.######.......#
.##..'...'..................
.#####...#####...........#.#
# .# ##### #...........# .
.# #...........# .#
#........


You could see a quokka.

Notes
Turn   | Place    | Note
-------+----------+-------------------------------------------
     0 | D:1      | theanonym the Mummy Warper began the quest for the Orb.
     0 | D:1      | Reached XP level 1. HP: 16/16 MP: 4/4
   398 | D:1      | HP: 8/16 [giant cockroach (1)]
   400 | D:1      | Reached skill level 2 in Maces & Flails
   624 | D:1      | Reached XP level 2. HP: 15/22 MP: 5/5
   896 | D:1      | HP: 11/22 [leopard gecko (5)]
  1462 | D:2      | HP: 9/23 [adder (3)]
  1464 | D:2      | Reached XP level 3. HP: 12/28 MP: 7/7
  1651 | D:2      | HP: 8/28 [worm (10)]
  2404 | D:1      | HP: 10/28 [gnoll (8)]
  2662 | D:1      | Reached skill level 3 in Maces & Flails
  2662 | D:1      | Reached XP level 4. HP: 32/34 MP: 8/8
  2771 | D:2      | Reached skill level 3 in Fighting
  2875 | D:2      | HP: 16/35 [quokka (3)]
  2881 | D:2      | HP: 9/35 [adder (1)]
  2888 | D:2      | HP: 8/35 [quokka (1)]
  2888 | D:2      | HP: 3/35 [quokka (5)]
  2889 | D:2      | Slain by a quokka

Vanquished Creatures
  2 gnolls (D:1)
  4 adders (D:2)
  A worm (D:2)
  3 leopard geckos (D:1)
  A ball python (D:1)
  2 giant cockroaches
  4 goblins
  A hobgoblin (D:2)
  3 kobolds
  6 bats
  3 frilled lizards
  3 rats (D:2)
33 creatures vanquished.

Table legend:
 A = Turns spent in this place as a percentage of turns spent in the entire game.
 B = Non-inter-level travel turns spent in this place as a percentage of non-inter-level travel turns spent in the entire game.
 C = Inter-level travel turns spent in this place as a percentage of turns spent in this place.
 D = Turns resting spent in this place as a percentage of non-inter-level travel turns spent in this place.
 E = Turns spent auto-exploring this place as a percentage of non-inter-level travel turns spent in this place.
 F = Non-inter-level travel turns spent in this place divided by the number of levels of this place that you've seen.
                   A       B       C       D       E      F
               +-------+-------+-------+-------+-------+----------------------
         Total | 100.0 | 100.0 |   5.6 |  49.2 |  37.6 | 1363.5
       Dungeon | 100.0 | 100.0 |   5.6 |  49.2 |  37.6 | 1363.5
               +-------+-------+-------+-------+-------+----------------------
